 Dungeon Crawl Stone Soup version 0.20.1-1-g8b1a95d (webtiles) character file.

4 tidbits the Stinger (level 1, 2/16 HPs)
             Began as a Demigod Wanderer on Aug 22, 2017.
             Quit the game on level 1 of the Dungeon.
             The game lasted 00:02:59 (261 turns).

tidbits the Stinger (Demigod Wanderer)               Turns: 261, Time: 00:03:00

Health: 2/16       AC:  2    Str: 14    XL:     1   Next: 46%
Magic:  1/4        EV: 11    Int: 16    God:
Gold:   17         SH:  0    Dex: 16    Spells: 1/2 levels left

rFire    . . .     SeeInvis .   a - +2 mace
rCold    . . .     Gourm    .   (no shield)
rNeg     . . .     Faith    .   B - +0 robe
rPois    .         Spirit   .   (no helmet)
rElec    .         Reflect  .   (no cloak)
rCorr    .         Harm     .   (no gloves)
MR       .....                  (no boots)
Stlth    ++........             (no amulet)
Regen    0.1/turn               (no ring)
MPRegen  0.1/turn               (no ring)

@: lethally poisoned (2 -> -6)
A: high mp 1
a: no special abilities


You were on level 1 of the Dungeon.
You were not hungry.

You visited 1 branch of the dungeon, and saw 2 of its levels.

You collected 17 gold pieces.

Inventory:

Hand Weapons
 a - a +2 mace (weapon)
 b - a +0 shortbow
Missiles
 c - 29 arrows
Armour
 B - a +0 robe (worn)
Books
 d - the Incunabulum of Toxins

   Spells                             Type                      Level
   a - Sting                          Conjuration/Poison           1
   b - Spider Form                    Transmutation/Poison         3
Comestibles
 f - a bread ration


   Skills:
 - Level 1.0 Fighting
 - Level 1.7 Maces & Flails
 - Level 1.0 Throwing
 - Level 1.7 Armour
 - Level 1.0 Stealth
 + Level 1.0 Spellcasting
   Level 1.0 Fire Magic
 - Level 1.7 Poison Magic


You had one spell level left.
You knew the following spells:

 Your Spells              Type           Power        Failure   Level  Hunger
z - Sting                 Conj/Pois      #...         16%         1    ##.....


Dungeon Overview and Level Annotations

Branches:
Dungeon (2/15)


Innate Abilities, Weirdness & Mutations

You have an increased reservoir of magic. (+10% MP)


Message History

The goblin is almost dead.
You kill the goblin!
A kobold comes into view. It is wielding a dagger.
Casting: Sting
Confirm with . or Enter, or press ? or * to list all spells.
Aiming: Sting
Press: ? - help, Shift-Dir - straight line, f - kobold
Aim: a kobold, wielding a dagger (hasn't noticed you)
The sting misses the kobold.
The kobold shouts!
The kobold throws a stone.
The stone closely misses you.
Casting: Sting
Confirm with . or Enter, or press ? or * to list all spells.
Aiming: Sting
Press: ? - help, Shift-Dir - straight line, f/p - kobold
Aim: a kobold, wielding a dagger The sting hits the kobold.
The kobold is moderately wounded.
The kobold throws a stone.
The stone hits you.
* * * LOW HITPOINT WARNING * * *
You see here a stone.
The kobold throws a stone.
The stone barely misses you.
Found a hunting sling.
You open the door.
There is an open door here.
The kobold throws a stone.
The stone misses you.
Casting: Sting
Confirm with . or Enter, or press ? or * to list all spells.
Aiming: Sting
Press: ? - help, Shift-Dir - straight line, f/p - kobold
Aim: a kobold, wielding a dagger The sting hits the kobold.
The kobold is moderately wounded.
You hit the kobold.
You kill the kobold!
Your Spellcasting skill increases to level 1!
Things that are here:
a dagger; a stone
Found a club.
You see here a club.
There is a stone staircase leading down here.
Okay, then.
Okay, then.
You climb downwards.
An adder comes into view.
The adder hisses angrily.
There is a stone staircase leading up here.
Casting: Sting
Confirm with . or Enter, or press ? or * to list all spells.
Aiming: Sting
Press: ? - help, Shift-Dir - straight line, f - adder
Aim: an adder The sting misses the adder.
The adder bites you.
You climb upwards.
There is a stone staircase leading down here.
Casting: Sting
Confirm with . or Enter, or press ? or * to list all spells.
Aiming: Sting
Press: ? - help, Shift-Dir - straight line, f - adder
Aim: an adder The sting misses the adder.
The adder misses you. The adder closely misses you.
Casting: Sting
Confirm with . or Enter, or press ? or * to list all spells.
Aiming: Sting
Press: ? - help, Shift-Dir - straight line, f/p - adder
Aim: an adder The sting hits the adder.
The adder is lightly wounded.
The adder bites you.
Casting: Sting
Confirm with . or Enter, or press ? or * to list all spells.
Aiming: Sting
Press: ? - help, Shift-Dir - straight line, f/p - adder
Aim: an adder (lightly wounded)
The sting hits the adder.
The adder is poisoned.
The adder is lightly wounded.
The adder bites you.
* * * LOW HITPOINT WARNING * * *
You aren't carrying any potions.
You closely miss the adder.
The adder is lightly wounded.
The adder misses you. The adder barely misses you.
You closely miss the adder.
The adder is moderately wounded.
The adder bites you but does no damage. The adder closely misses you.
You barely miss the adder.
The adder is moderately wounded.
The adder bites you.
* * * LOW HITPOINT WARNING * * *
You are lethally poisoned!
The adder poisons you!
You hit the adder.
The adder is severely wounded.
* * * LOW HITPOINT WARNING * * *
You feel sick.
The adder looks more healthy.
The adder closely misses you. The adder misses you.
You aren't carrying any potions.
Unknown command.
Are you sure you want to abandon this character and quit the game? (Confirm with "yes".)

#...............# #......##.
#..#.#.#####.#.#####......##.
#..................#...(..##.
#..#.#.##.##.#.###.#....(.##.
#..#.#.##.##.#.# #.#.........
#..#.#.........# #.#.........
#..#....#.#....###.#.........
#..#...............#.#.......
#...........@........#.......
#.##.##..#...S.####..#.......
#.##.#.....######............
#.##.'.....................#.
#.####.....#.####..........#.
#.# #.....#†####..........#.
.. ............##..........##
######.#.#.#.##..........#
#.#.#.#.##..........##


You could see an adder.

Vanquished Creatures
  A giant cockroach (D:1)
  A goblin (D:1)
  2 kobolds (D:1)
  A rat (D:1)
5 creatures vanquished.

Notes
Turn   | Place    | Note
-------+----------+-------------------------------------------
     0 | D:1      | tidbits the Demigod Wanderer began the quest for the Orb.
     0 | D:1      | tidbits set off with: a +2 mace, a +0 shortbow, 29 arrows, the Incunabulum of Toxins, a +0 robe, a bread ration
     0 | D:1      | Reached XP level 1. HP: 16/16 MP: 3/3
     0 | D:1      | Identified the Incunabulum of Toxins
    80 | D:1      | Learned a level 1 spell: Sting
   192 | D:1      | Reached skill level 1 in Spellcasting
   261 | D:1      | Quit the game

Skill      XL: |  1 |
---------------+----+-----
Spellcasting   | 1 |  1.0
Fighting       | |  1.0
Maces & Flails | |  1.7
Throwing       | |  1.0
Armour         | |  1.7
Stealth        | |  1.0
Fire Magic     | |  1.0
Poison Magic   | |  1.7

Action                   || total
-------------------------++-------
Melee: Mace              ||    14
 Cast: Sting             ||     9
 Stab: Sleeping          ||     2
Armor: Robe              ||     1
Dodge: Dodged            ||    13

Table legend:
 A = Turns spent in this place as a percentage of turns spent in the entire game.
 B = Non-inter-level travel turns spent in this place as a percentage of non-inter-level travel turns spent in the entire game.
 C = Inter-level travel turns spent in this place as a percentage of turns spent in this place.
 D = Turns resting spent in this place as a percentage of non-inter-level travel turns spent in this place.
 E = Turns spent auto-exploring this place as a percentage of non-inter-level travel turns spent in this place.
 F = Non-inter-level travel turns spent in this place divided by the number of levels of this place that you've seen.
                   A       B       C       D       E      F
               +-------+-------+-------+-------+-------+----------------------
         Total | 100.0 | 100.0 |   0.0 |   0.0 |   0.0 | 136.0
       Dungeon | 100.0 | 100.0 |   0.0 |   0.0 |   0.0 | 136.0
               +-------+-------+-------+-------+-------+----------------------

Table legend:
 A = Kills in this place as a percentage of kills in entire the game.
 B = Kills by you in this place as a percentage of kills by you in the entire game.
 C = Kills by friends in this place as a percentage of kills by friends in the entire game.
 D = Other kills in this place as a percentage of other kills in the entire game.
 E = Experience gained in this place as a percentage of experience gained in the entire game.
 F = Experience gained in this place divided by the number of levels of this place that you have seen.
                   A       B       C       D       E      F
               +-------+-------+-------+-------+-------+----------------------
         Total | 100.0 | 100.0 |  -nan |  -nan | 100.0 |   3.5
       Dungeon | 100.0 | 100.0 |  -nan |  -nan | 100.0 |   3.5
               +-------+-------+-------+-------+-------+----------------------

Vault maps used:
D:1:      sevenhm_arrival_forest_fort_small_6
